AoeStats
← Carple

MegaRandom

505393777Analyzed
1v1 RM · 24d ago on Sep 9, 2026· 58m 22s· 2 players
Game mode
Random Map
Map size
Tiny (2 player)
Population
200
Speed
Normal
Resources
Standard
Victory
Conquest
Starting age
Dark Age
Ending age
Imperial Age
RankedLock teamsTeams togetherTeam positionsShared explorationLock speedFull tech treeHidden civsTurbo modeCheats
Victory
Defeat
🇳🇱 Celts · Netherlands
1249
+17
🇨🇦 Spanish · Canada
1269
-17
You are momma
8:28 Loom
11:13 Feudal Age
11:16 Man-at-Arms
13:30 Double-Bit Axe
14:00 Horse Collar
15:02 Arson
17:49 Scale Mail Armor
21:33 Gold Mining
23:08 Forging
26:15 Castle Age
27:34 Chain Mail Armor
27:43 Heavy Plow
27:25 Long Swordsman
28:59 Gambesons
29:27 Bow Saw
33:08 Elite Skirmisher
33:41 Fletching
34:30 Padded Archer Armor
35:20 Pikeman
41:14 Stone Mining
55:06 Wheelbarrow
58:47 Hand Cart
Carple
2:36 Loom
9:09 Feudal Age
17:28 Double-Bit Axe
23:34 Castle Age
22:42 Fletching
24:23 Town Watch
25:17 Wheelbarrow
Connection lost

Rejoining the realm…

Still unreachable

The connection could not be restored.

Session expired

The server has moved on; the page needs a fresh start.